 Dungeon Crawl Stone Soup version 0.18-a0-1140-g8540535 (webtiles) character file.

357 namelastname112 the Cudgeler (level 6, -4/55 HPs)
             Began as a Draconian Wanderer on Jan 21, 2016.
             Slain by an ogre
             ... wielding a +0 giant club
              (13 damage)
             ... on level 5 of the Dungeon.
             The game lasted 00:06:03 (4115 turns).

namelastname112 the Cudgeler (Draconian Wanderer)   Turns: 4115, Time: 00:06:03

Health: -4/55      AC:  7    Str: 12    XL:     6   Next: 37%
Magic:  6/6        EV: 13    Int: 14    God:
Gold:   182        SH:  0    Dex: 19    Spells: 0 memorised, 5 levels left

rFire  . . .     SeeInvis .     a - +2 mace
rCold  + . .     Gourm    .     (armour unavailable)
rNeg   . . .     Faith    .     (no shield)
rPois  .         Spirit   .     (helmet restricted)
rElec  .         Dismiss  .     (no cloak)
rCorr  .         Reflect  .     (no gloves)
SustAt .         Harm     .     n - +0 pair of boots "Qibeobla" {Int+2 Dex+4 Stlth+}
MR     .....                    (no amulet)
Stlth  +++.......               (no ring)
                                h - ring of protection from cold

@: not resistant to hostile enchantments, fairly stealthy
A: unfitting armour, cold-blooded, AC +6
a: no special abilities


You were on level 5 of the Dungeon.
You were near starving.

You visited 1 branch of the dungeon, and saw 5 of its levels.

You collected 182 gold pieces.

Inventory:

Hand Weapons
 a - a +2 mace (weapon)
Missiles
 p - 15 arrows
Armour
 n - the +0 pair of boots "Qibeobla" (worn) {Int+2 Dex+4 Stlth+}
   (You found it on level 4 of the Dungeon)

   It affects your intelligence (+2).
   It affects your dexterity (+4).
   It makes you more stealthy.
Jewellery
 h - a ring of protection from cold (left hand)
Scrolls
 b - 2 scrolls of remove curse
 c - 2 scrolls of noise {unknown}
 e - 4 scrolls of identify {unknown}
 f - a scroll of recharging {unknown}
 k - a scroll of blinking {unknown}
 l - a scroll of magic mapping {unknown}
Potions
 d - a potion of curing
 i - a potion of agility {unknown}
 j - a potion of cancellation {unknown}
 o - a potion of mutation {unknown}
Comestibles
 g - a meat ration


   Skills:
 + Level 4.9 Fighting
 * Level 6.9 Maces & Flails
 - Level 1.0 Throwing
 + Level 2.4 Dodging
   Level 1.0 Evocations


You had 5 spell levels left.
You didn't know any spells.

Dungeon Overview and Level Annotations

Branches:
Dungeon (5/15)
 Temple: D:4-7

Altars:
The Shining One

Shops:
D:5 %

Annotations:
D:4 PeterLawrence's ghost, amateur GrFi


Innate Abilities, Weirdness & Mutations

Your plain brown scales are hard (AC +6).
Your body does not fit into most forms of armour.
You are cold-blooded and may be slowed by cold attacks.


Message History

You are too injured to fight recklessly!
A hound comes into view.
Drink which item? (? for menu, Esc to quit)
You feel much better.
The hound moves out of view.
The shadow imp completely misses you.
You completely miss the ogre.
The ogre is lightly wounded.
The ogre hits you with a giant club!
* * * LOW HITPOINT WARNING * * *
You aren't carrying any items that can be evoked.
Drink which item? (? for menu, Esc to quit)
You feel better. The ogre barely misses you.
You hit the ogre.
The ogre is moderately wounded.
The ogre hits you with a giant club!
* * * LOW HITPOINT WARNING * * *
You hit the ogre.
The ogre is heavily wounded.
The ogre hits you with a giant club!
You die...

#### .#...# .#.#.# #....####
.....(..#
........################
..<...............##...#
........#########..#.#.##### #
$............5hO@........... ...
........##########...#.#####....#
####....# ##..###<)......# #....#
#.....####....# #..#..# #.###.#
..# .......# #.# #.# # ####.∩.##
#.. #.# #...# ##. #.. . ###


You could see an ogre, a hound and a shadow imp.

Vanquished Creatures
  A centaur (D:5)
  A jelly (D:5)
  Ijyb (D:3)
  2 orc wizards (D:3)
  A killer bee zombie (D:4)
  Robin (D:3)
  4 gnolls
  2 adders (D:2)
  An ooze (D:3)
  3 worms
  A giant gecko (D:1)
  3 orcs (D:3)
  2 ball pythons
  6 bats
  8 giant cockroaches
  12 goblins
  15 hobgoblins
  2 jackals (D:3)
  5 kobolds
  A quokka (D:2)
  2 giant newts
  5 rats
79 creatures vanquished.

Notes
Turn   | Place    | Note
--------------------------------------------------------------
     0 | D:1      | namelastname112 the Draconian Wanderer began the quest for the Orb.
     0 | D:1      | namelastname112 set off with: a +2 mace, a +0 shortbow, 29 arrows, a potion of curing, a bread ration
     0 | D:1      | Reached XP level 1. HP: 19/19 MP: 1/1
   139 | D:1      | Reached XP level 2. HP: 16/26 MP: 2/2
   150 | D:1      | Found a glowing golden altar of the Shining One.
  1029 | D:2      | Reached XP level 3. HP: 33/33 MP: 3/3
  1059 | D:2      | Reached skill level 1 in Dodging
  1639 | D:2      | Reached XP level 4. HP: 10/40 MP: 4/4
  2583 | D:3      | Reached skill level 6 in Maces & Flails
  2731 | D:3      | Noticed Robin
  2765 | D:3      | Killed Robin
  3041 | D:3      | Reached XP level 5. HP: 43/46 MP: 5/5
  3383 | D:3      | Noticed Ijyb
  3410 | D:3      | Killed Ijyb
  3868 | D:4      | Got a pair of heavily runed boots
  3878 | D:4      | Noticed PeterLawrence's ghost (amateur GrFi)
  3886 | D:5      | Entered Level 5 of the Dungeon
  3886 | D:5      | Noticed a centaur
  3893 | D:5      | Killed a centaur
  3893 | D:5      | Reached XP level 6. HP: 37/55 MP: 6/6
  3899 | D:5      | Identified the +0 pair of boots "Qibeobla" {Int+2 Dex+4 Stlth+} (You found it on level 4 of the Dungeon)
  4092 | D:5      | Found Ahyan's Food Boutique.
  4115 | D:5      | Slain by an ogre

Vault maps used:
D:1:      dpeg_arrival_pits, tso_metal_star
D:3:      minmay_misc_feat_x, uniq_iyjb, uniq_robin
D:4:      first_bread, serial_shops, nicolae_shop_crystal
D:5:      serial_shops, nicolae_shop_stone, minmay_misc_feat_nine_boxes,
          uniq_edmund

Action                   |  1- 3 |  4- 6 || total
-------------------------+-------+-------++-------
Melee: Mace              |   119 |   164 ||   283
  Use: Scroll            |       |     1 ||     1
       Potion            |       |     2 ||     2
 Stab: Sleeping          |     1 |     1 ||     2
  Eat: Chunk             |     2 |     2 ||     4
       Bread ration      |       |     1 ||     1
